Coutelas vs River Frogs (R1)

Created - March 11, 2021 at 18:59

Goals
1 2 3 T
Coutelas 0 1 1 2
River Frogs 0 4 2 6
Shots
1 2 3 T
Coutelas 11 9 5 25
River Frogs 6 9 19 34

1st period

No Goal

Penalties :
Teemu Pulkkinen (MDÉ) for Holding (Minor) at 13:46

2nd period

1. Coutelas , Craig Cunningham 36 (Martins Karsums 21, Patrick Sieloff 7) at 8:15
2. River Frogs , Emerson Etem 51 (Shea Theodore 44) at 8:48
3. River Frogs , Matt Calvert 19 (Andrew Gordon 36, David Kolomatis 11) at 11:17
4. River Frogs , Jared Knight 10 (Dillon Heatherington 8, Matt Calvert 18) at 16:40
5. River Frogs , Emerson Etem 52 (Justin Florek 18) at 17:46 (PP)

Penalties :
Emerson Etem (Lou) for Roughing (Minor) at 1:27, Mitch Marner (Lou) for Delaying the game (Minor) at 8:38, Dustin Kohn (MDÉ) for Roughing (Minor) at 8:44, Ben Harpur (MDÉ) for Slashing (Minor) at 13:08, Nikita Scherbak (MDÉ) for Boarding (Minor) at 17:40

3rd period

6. River Frogs , Matt Calvert 20 (Morgan Rielly 9, Aaron Ness 15) at 4:50
7. Coutelas , Mikhail Grigorenko 8 (Mattias Janmark 8, Patrick Sieloff 8) at 11:36
8. River Frogs , Austin Watson 10 (Aaron Ness 16, Bobby Farnham 13) at 15:09

Penalties :
Craig Cunningham (MDÉ) for Interference (Minor) at 1:20, Craig Cunningham (MDÉ) for Roughing (Minor) at 5:23, Bobby Farnham (Lou) for Holding (Minor) at 8:53

Goalie Stats

Mackenzie Blackwood (MDÉ), 19 saves from 21 shots - (0.905), 22:14 minutes
Joe Cannata (MDÉ), 9 saves from 13 shots - (0.692), L, 23-11-4, 37:46 minutes
Thomas Greiss (Lou), 23 saves from 25 shots - (0.920), W, 19-16-1, 60:00 minutes

Players Stats for Coutelas

Player Name              G  A  P  +/- PIM S  H  SB GA TA FO     MP     PP MP  PK MP  
------------------------------------------------------------------------------------
Ben Harpur               0  0  0  -1  2   1  3  1  0  0  0/0    19:48   1:43   2:53 
Craig Cunningham         1  0  1   0  4   2  2  1  0  1  0/0    20:06   2:18   1:30 
Dustin Kohn              0  0  0  -3  2   1  2  4  1  2  0/0    26:38   2:20   4:24 
Julius Honka             0  0  0   2  0   0  1  0  1  0  0/0    13:00   0:00   0:51 
Martins Karsums          0  1  1  -1  0   4  2  0  1  0  4/9    22:48   2:18   4:23 
Mattias Janmark          0  1  1   1  0   0  0  0  1  1  0/0     8:57   0:00   0:11 
Michael Chaput           0  0  0  -2  0   3  1  1  0  0  2/6    16:40   1:46   2:34 
Mikhail Grigorenko       1  0  1   1  0   2  1  0  0  0  1/3     8:50   0:00   0:19 
Nick Mattson             0  0  0  -1  0   0  1  0  1  1  0/0    20:47   1:43   3:51 
Nick Ritchie             0  0  0  -2  0   0  2  0  0  0  0/1    13:10   1:46   0:00 
Nikita Scherbak          0  0  0   1  2   1  2  0  0  0  0/0     8:30   0:00   0:00 
Oliver Bjorkstrand       0  0  0  -2  0   1  0  3  2  0  0/0    13:10   1:46   0:00 
Patrick Sieloff          0  2  2   1  0   0  1  0  0  0  0/0    12:19   0:00   0:00 
Petter Granberg          0  0  0  -4  0   1  1  5  0  2  0/0    27:30   2:21   4:17 
Rhett Rakhshani          0  0  0  -1  0   4  0  0  1  2  1/1    12:00   0:00   1:53 
Stefan Matteau           0  0  0  -1  0   3  7  0  0  0  8/24   22:49   2:18   4:34 
Tanner Richard           0  0  0  -1  0   0  2  0  1  0  2/5    10:47   0:00   0:00 
Teemu Pulkkinen          0  0  0  -1  2   2  1  0  0  0  0/1    12:04   0:00   0:52 

Players Stats for River Frogs

Player Name              G  A  P  +/- PIM S  H  SB GA TA FO     MP     PP MP  PK MP  
------------------------------------------------------------------------------------
Aaron Ness               0  2  2   2  0   4  2  2  0  0  0/0    21:50   3:46   1:46 
Andrew Gordon            0  1  1   3  0   4  1  1  2  1  1/2    18:31   4:11   0:31 
Austin Watson            1  0  1   0  0   2  2  0  0  0  0/0    11:27   0:01   1:10 
Beau Starrett            0  0  0   0  0   1  0  1  0  0  3/4     9:38   0:00   0:00 
Bobby Farnham            0  1  1   0  2   1  0  0  1  0  0/0     9:38   0:00   0:00 
Cameron Hughes           0  0  0   0  0   0  0  0  0  0  0/0     0:00   0:00   0:00 
David Kolomatis          0  1  1   1  0   0  0  1  0  0  0/0    11:07   0:00   0:00 
Dillon Heatherington     0  1  1   1  0   1  1  0  0  1  0/0    11:07   0:00   0:00 
Dominik Simon            0  0  0   0  0   4  1  0  1  0  16/21  20:04   3:56   1:01 
Emerson Etem             2  0  2   0  2   3  1  1  0  0  4/6    20:49   4:11   1:14 
Jared Knight             1  0  1   3  0   1  2  1  0  2  3/7    12:59   0:00   0:00 
Justin Florek            0  1  1   0  0   1  2  0  0  0  3/6    13:19   4:11   0:00 
Matt Calvert             2  1  3   3  0   4  6  0  0  0  0/0    18:02   3:57   0:31 
Maxim Mamin              0  0  0   0  0   0  0  0  0  0  0/1     2:12   0:00   1:21 
Mitch Marner             0  0  0  -1  2   1  0  0  0  0  1/1    14:01   0:01   0:00 
Morgan Rielly            0  1  1   2  0   3  1  1  1  1  0/0    23:33   3:46   1:46 
Ondrej Kase              0  0  0   0  0   1  2  0  1  0  0/0    15:08   3:56   2:20 
Roman Josi               0  0  0   0  0   2  1  0  1  1  0/0    26:44   4:22   2:18 
Ryan Fitzgerald          0  0  0   0  0   0  0  1  1  0  1/2     8:50   0:00   0:00 
Shea Theodore            0  1  1   0  0   1  1  2  1  3  0/0    25:01   4:22   2:18 

3 Stars

1 - Matt Calvert (Lou)
2 - Jared Knight (Lou)
3 - Aaron Ness (Lou)

Power Play

Coutelas - 0 on 3 Attempt(s) - 0.00%
River Frogs - 1 on 6 Attempt(s) - 16.67%

Penalty Kill

Coutelas - 5 on 6 Attempt(s) - 83.33% - Score 0 goal in Penalty Kill
River Frogs - 3 on 3 Attempt(s) - 100.00% - Score 0 goal in Penalty Kill

Team Stat

Coutelas - Hits : 29 - Faceoff Wins : 18 - Blocked Shots : 15 - Penalty Minutes : 12
River Frogs - Hits : 23 - Faceoff Wins : 32 - Blocked Shots : 11 - Penalty Minutes : 6

Official

Referees : Unknown
Linesman : Unknown

Game Notes

Mackenzie Blackwood enters game at 17:46 of 2nd period

Finance

Level 1 -- Attendance: 1481 (74.05%) -- Ticket Income $59,240
Level 2 -- Attendance: 650 (65.00%) -- Ticket Income $13,000
Total Attendance: 2131 (71.03%)
Total Ticket Income: $72,240
Other Income: $3,612
Total Income: $75,852

Coutelas

5 vs 5 Forward 
   Center                   Left Wing                Right Wing               Time % Phy DF OF 
 1 Stefan Matteau           Craig Cunningham         Martins Karsums          40     1   2  2  
 2 Michael Chaput           Nick Ritchie             Oliver Bjorkstrand       30     1   2  2  
 3 Tanner Richard           Teemu Pulkkinen          Rhett Rakhshani          20     1   2  2  
 4 Mikhail Grigorenko       Mattias Janmark          Nikita Scherbak          10     1   2  2  

5 vs 5 Defense 
   Defense                  Defense                                           Time % Phy DF OF 
 1 Petter Granberg          Dustin Kohn                                       40     1   2  2  
 2 Ben Harpur               Nick Mattson                                      30     1   2  2  
 3 Patrick Sieloff          Julius Honka                                      20     1   2  2  
 4 Petter Granberg          Dustin Kohn                                       10     1   2  2  

PowerPlay Forward 
   Center                   Left Wing                Right Wing               Time % Phy DF OF 
 1 Stefan Matteau           Craig Cunningham         Martins Karsums          60     1   2  2  
 2 Michael Chaput           Nick Ritchie             Oliver Bjorkstrand       40     1   2  2  

PowerPlay Defense
   Defense                  Defense                                           Time % Phy DF OF 
 1 Petter Granberg          Dustin Kohn                                       60     1   2  2  
 2 Ben Harpur               Nick Mattson                                      40     1   2  2  

Penalty Kill 4 Players Forward 
   Center                   Wing                     Time % Phy DF OF 
 1 Martins Karsums          Stefan Matteau           60     1   2  2  
 2 Michael Chaput           Craig Cunningham         40     1   2  2  

Penalty Kill 4 Players Defense
   Defense                  Defense                  Time % Phy DF OF 
 1 Petter Granberg          Dustin Kohn              60     1   2  2  
 2 Ben Harpur               Nick Mattson             40     1   2  2  

Penalty Kill - 3 Players Forward 
   Forward                                           Time % Phy DF OF 
 1 Martins Karsums                                   60     1   2  2  
 2 Stefan Matteau                                    40     1   2  2  

Penalty Kill - 3 Players Defense
   Defense                  Defense                  Time % Phy DF OF 
 1 Petter Granberg          Dustin Kohn              60     1   2  2  
 2 Ben Harpur               Nick Mattson             40     1   2  2  

4 vs 4 Forward 
   Center                   Wing                     Time % Phy DF OF 
 1 Martins Karsums          Stefan Matteau           60     1   2  2  
 2 Michael Chaput           Craig Cunningham         40     1   2  2  

4 vs 4 Defense
   Defense                  Defense                  Time % Phy DF OF 
 1 Petter Granberg          Dustin Kohn              60     1   2  2  
 2 Ben Harpur               Nick Mattson             40     1   2  2  

Last Minutes Offensive
   Center                   Left Wing                Right Wing               Defense                  Defense                  
   Stefan Matteau           Craig Cunningham         Martins Karsums          Petter Granberg          Dustin Kohn              

Last Minutes Defensive
   Center                   Left Wing                Right Wing               Defense                  Defense                  
   Stefan Matteau           Craig Cunningham         Martins Karsums          Petter Granberg          Dustin Kohn              

Goaltenders
Starting : Joe Cannata              
Backup : Mackenzie Blackwood      

Extra Forwards
Normal : Tanner Richard, Teemu Pulkkinen, Rhett Rakhshani - PP : Tanner Richard, Teemu Pulkkinen - PK : Rhett Rakhshani
Extra Defensemen
Normal : Patrick Sieloff, Julius Honka, Ben Harpur - PP : Patrick Sieloff - PK : Julius Honka, Ben Harpur
Penalty Shots
Martins Karsums, Stefan Matteau, Michael Chaput, Craig Cunningham, Nick Ritchie

Scratches
Ross Johnston (Healthy), Patrick Russell (Healthy), Myles Bell (Healthy), Zach Whitecloud (Healthy), Mike Reilly (Strained Back Injury)
Nick Paul (Healthy), Kurtis Gabriel (Healthy), Duncan Siemens (Healthy), Curtis Lazar (Healthy), Calle Andersson (Healthy)
Clark Bishop (Healthy), JJ. Piccinich (Healthy), Michael Giugovaz (Healthy)

River Frogs

5 vs 5 Forward 
   Center                   Left Wing                Right Wing               Time % Phy DF OF 
 1 Dominik Simon            Emerson Etem             Mitch Marner             40     1   2  2  
 2 Jared Knight             Matt Calvert             Andrew Gordon            30     1   2  2  
 3 Ryan Fitzgerald          Justin Florek            Ondrej Kase              20     1   2  2  
 4 Beau Starrett            Austin Watson            Bobby Farnham            10     1   2  2  

5 vs 5 Defense 
   Defense                  Defense                                           Time % Phy DF OF 
 1 Roman Josi               Shea Theodore                                     40     1   2  2  
 2 Morgan Rielly            Aaron Ness                                        30     1   2  2  
 3 David Kolomatis          Dillon Heatherington                              20     1   2  2  
 4 Morgan Rielly            Roman Josi                                        10     1   2  2  

PowerPlay Forward 
   Center                   Left Wing                Right Wing               Time % Phy DF OF 
 1 Justin Florek            Emerson Etem             Andrew Gordon            60     1   2  2  
 2 Dominik Simon            Matt Calvert             Ondrej Kase              40     1   2  2  

PowerPlay Defense
   Defense                  Defense                                           Time % Phy DF OF 
 1 Roman Josi               Shea Theodore                                     60     1   2  2  
 2 Morgan Rielly            Aaron Ness                                        40     1   2  2  

Penalty Kill 4 Players Forward 
   Center                   Wing                     Time % Phy DF OF 
 1 Emerson Etem             Ondrej Kase              60     1   2  2  
 2 Andrew Gordon            Matt Calvert             40     1   2  2  

Penalty Kill 4 Players Defense
   Defense                  Defense                  Time % Phy DF OF 
 1 Roman Josi               Shea Theodore            60     1   2  2  
 2 Morgan Rielly            Aaron Ness               40     1   2  2  

Penalty Kill - 3 Players Forward 
   Forward                                           Time % Phy DF OF 
 1 Emerson Etem                                      60     1   2  2  
 2 Andrew Gordon                                     40     1   2  2  

Penalty Kill - 3 Players Defense
   Defense                  Defense                  Time % Phy DF OF 
 1 Roman Josi               Shea Theodore            60     1   2  2  
 2 Morgan Rielly            Aaron Ness               40     1   2  2  

4 vs 4 Forward 
   Center                   Wing                     Time % Phy DF OF 
 1 Emerson Etem             Dominik Simon            60     1   2  2  
 2 Andrew Gordon            Matt Calvert             40     1   2  2  

4 vs 4 Defense
   Defense                  Defense                  Time % Phy DF OF 
 1 Roman Josi               Shea Theodore            60     1   2  2  
 2 Morgan Rielly            Aaron Ness               40     1   2  2  

Last Minutes Offensive
   Center                   Left Wing                Right Wing               Defense                  Defense                  
   Matt Calvert             Emerson Etem             Andrew Gordon            Roman Josi               Shea Theodore            

Last Minutes Defensive
   Center                   Left Wing                Right Wing               Defense                  Defense                  
   Matt Calvert             Emerson Etem             Andrew Gordon            Roman Josi               Shea Theodore            

Goaltenders
Starting : Thomas Greiss            
Backup : Eric Comrie              

Extra Forwards
Normal : Emerson Etem, Matt Calvert, Maxim Mamin - PP : Emerson Etem, Matt Calvert - PK : Maxim Mamin
Extra Defensemen
Normal : David Kolomatis, Dillon Heatherington, Roman Josi - PP : David Kolomatis - PK : Dillon Heatherington, Roman Josi
Penalty Shots
Emerson Etem, Maxim Mamin, Andrew Gordon, Matt Calvert, Justin Florek

Scratches
Joakim Nordstrom (Healthy), Matt Grzelcyk (Healthy), Francis Perron (Healthy), Richard Nejezchleb (Healthy), Phoenix Copley (Healthy)

% Time on Ice - Coutelas

Lines # - Real PCT - Wanted PCT - Time Play
Normal Forward
1 - 33% - 40% - 15:05
2 - 27% - 30% - 12:15
3 - 22% - 20% - 10:04
4 - 19% - 10% - 8:31
Normal Defense
1 - 41% - 40% - 18:37
2 - 31% - 30% - 14:22
3 - 26% - 20% - 11:43
4 - 3% - 10% - 1:13
PP Forward
1 - 57% - 60% - 2:18
2 - 43% - 40% - 1:46
PP Defense
1 - 58% - 60% - 2:21
2 - 42% - 40% - 1:43
PK Forward
1 - 68% - 60% - 5:34
2 - 32% - 40% - 2:34
PK Defense
1 - 53% - 60% - 4:17
2 - 47% - 40% - 3:51
PK3 Forward
1 - 0% - 60%
2 - 0% - 40%
PK3 Defense
1 - 0% - 60%
2 - 0% - 40%
44 Forward
1 - 76% - 60% - 1:26
2 - 24% - 40% - 0:27
44 Defense
1 - 55% - 60% - 1:02
2 - 45% - 40% - 0:51
Last Minute Offensive  - 0:00
Last Minute Defensive  - 0:00
Total
Forward - 60:00
Defense - 60:00

% Time on Ice - River Frogs

Lines # - Real PCT - Wanted PCT - Time Play
Normal Forward
1 - 31% - 40% - 14:27
2 - 28% - 30% - 13:00
3 - 19% - 20% - 8:50
4 - 21% - 10% - 9:38
Normal Defense
1 - 39% - 40% - 17:48
2 - 34% - 30% - 15:36
3 - 24% - 20% - 11:07
4 - 3% - 10% - 1:24
PP Forward
1 - 52% - 60% - 4:12
2 - 48% - 40% - 3:56
PP Defense
1 - 54% - 60% - 4:22
2 - 46% - 40% - 3:46
PK Forward
1 - 87% - 60% - 3:33
2 - 13% - 40% - 0:31
PK Defense
1 - 57% - 60% - 2:18
2 - 43% - 40% - 1:46
PK3 Forward
1 - 0% - 60%
2 - 0% - 40%
PK3 Defense
1 - 0% - 60%
2 - 0% - 40%
44 Forward
1 - 79% - 60% - 1:29
2 - 21% - 40% - 0:24
44 Defense
1 - 63% - 60% - 1:11
2 - 37% - 40% - 0:42
Last Minute Offensive  - 0:00
Last Minute Defensive  - 0:00
Total
Forward - 60:00
Defense - 60:00

Play-by-Play

1st period


0:01 of 1st period - Dominik Simon wins face-off versus Stefan Matteau in neutral zone.
0:50 of 1st period - Ondrej Kase is hit by Ben Harpur and loses puck.
1:34 of 1st period - Snap shot by Matt Calvert.
1:34 of 1st period - Shot Misses the Net.
1:42 of 1st period - Jared Knight is hit by Martins Karsums and loses puck.
2:10 of 1st period - Snap shot by Andrew Gordon.
2:10 of 1st period - Shot Blocked by Oliver Bjorkstrand.
2:22 of 1st period - Backhand shot by Oliver Bjorkstrand.
2:22 of 1st period - Stopped by Thomas Greiss with a rebound.
2:24 of 1st period - Snap shot by Michael Chaput.
2:24 of 1st period - Stopped by Thomas Greiss without a rebound.
2:25 of 1st period - Dominik Simon wins face-off versus Stefan Matteau in River Frogs zone.
2:30 of 1st period - Slapshot by Emerson Etem.
2:30 of 1st period - Shot Misses the Net.
4:20 of 1st period - Petter Granberg is hit by Shea Theodore and loses puck.
4:33 of 1st period - Oliver Bjorkstrand is hit by Dominik Simon and loses puck.
4:50 of 1st period - Oliver Bjorkstrand is hit by Matt Calvert and loses puck.
5:05 of 1st period - Snap shot by Nick Ritchie.
5:05 of 1st period - Deflect By Michael Chaput.
5:05 of 1st period - Shot Misses the Net.
5:05 of 1st period - Puck is out of play.
5:06 of 1st period - Dominik Simon wins face-off versus Stefan Matteau in River Frogs zone.
5:06 of 1st period - Dominik Simon is hit by Stefan Matteau.
5:12 of 1st period - Craig Cunningham is hit by Emerson Etem and loses puck.
5:54 of 1st period - Slapshot by Stefan Matteau.
5:54 of 1st period - Shot Blocked by Shea Theodore.
5:56 of 1st period - Slapshot by Dustin Kohn.
5:56 of 1st period - Deflect By Roman Josi.
5:56 of 1st period - Stopped by Thomas Greiss with a rebound.
5:58 of 1st period - Slapshot by Petter Granberg.
5:58 of 1st period - Deflect By Shea Theodore.
5:58 of 1st period - Stopped by Thomas Greiss with a rebound.
6:00 of 1st period - Snap shot by Craig Cunningham.
6:00 of 1st period - Stopped by Thomas Greiss without a rebound.
6:01 of 1st period - Dominik Simon wins face-off versus Tanner Richard in River Frogs zone.
6:16 of 1st period - Snap shot by Dominik Simon.
6:16 of 1st period - Shot Misses the Net.
6:47 of 1st period - Ryan Fitzgerald is hit by Nick Ritchie and loses puck.
6:52 of 1st period - Snap shot by Michael Chaput.
6:52 of 1st period - Stopped by Thomas Greiss without a rebound.
6:53 of 1st period - Dominik Simon wins face-off versus Tanner Richard in River Frogs zone.
7:18 of 1st period - Shea Theodore is hit by Stefan Matteau and loses puck.
7:39 of 1st period - Oliver Bjorkstrand is hit by Ondrej Kase.
7:48 of 1st period - Patrick Sieloff is hit by Justin Florek and loses puck.
8:05 of 1st period - Dominik Simon is hit by Nikita Scherbak and loses puck.
9:45 of 1st period - Icing by Mikhail Grigorenko.
9:46 of 1st period - Rhett Rakhshani wins face-off versus Jared Knight in Coutelas zone.
9:53 of 1st period - Backhand shot by Rhett Rakhshani.
9:53 of 1st period - Stopped by Thomas Greiss with a rebound.
9:59 of 1st period - Wrist shot by Teemu Pulkkinen.
9:59 of 1st period - Shot Misses the Net.
10:01 of 1st period - Snap shot by Rhett Rakhshani.
10:01 of 1st period - Stopped by Thomas Greiss with a rebound.
10:33 of 1st period - Snap shot by Martins Karsums.
10:33 of 1st period - Deflect By Andrew Gordon.
10:33 of 1st period - Stopped by Thomas Greiss with a rebound.
10:45 of 1st period - Snap shot by Andrew Gordon.
10:45 of 1st period - Stopped by Joe Cannata with a rebound.
11:01 of 1st period - Snap shot by Emerson Etem.
11:01 of 1st period - Deflect By Dominik Simon.
11:01 of 1st period - Shot Misses the Net.
11:01 of 1st period - Puck is out of play.
11:02 of 1st period - Dominik Simon wins face-off versus Tanner Richard in Coutelas zone.
11:27 of 1st period - Patrick Sieloff is hit by Justin Florek and loses puck.
12:04 of 1st period - Snap shot by Emerson Etem.
12:04 of 1st period - Shot Misses the Net.
12:06 of 1st period - Snap shot by Mitch Marner.
12:06 of 1st period - Shot Blocked by Dustin Kohn.
12:08 of 1st period - Snap shot by Emerson Etem.
12:08 of 1st period - Shot Misses the Net.
12:10 of 1st period - Wrist shot by Dominik Simon.
12:10 of 1st period - Shot Blocked by Dustin Kohn.
12:12 of 1st period - Slapshot by Aaron Ness.
12:12 of 1st period - Stopped by Joe Cannata without a rebound.
12:13 of 1st period - Dominik Simon wins face-off versus Stefan Matteau in Coutelas zone.
12:16 of 1st period - Snap shot by Mitch Marner.
12:16 of 1st period - Shot Misses the Net.
13:30 of 1st period - Wrist shot by Stefan Matteau.
13:30 of 1st period - Stopped by Thomas Greiss with a rebound.
13:44 of 1st period - Wrist shot by Bobby Farnham.
13:44 of 1st period - Shot Blocked by Ben Harpur.
13:46 of 1st period - Minor Penalty to Teemu Pulkkinen for Holding.
13:47 of 1st period - Emerson Etem wins face-off versus Martins Karsums in Coutelas zone.
14:14 of 1st period - Martins Karsums is hit by Ondrej Kase and loses puck.
14:19 of 1st period - Wrist shot by Dominik Simon.
14:19 of 1st period - Shot Misses the Net.
14:21 of 1st period - Slapshot by Roman Josi.
14:21 of 1st period - Deflect By Martins Karsums.
14:21 of 1st period - Stopped by Joe Cannata with a rebound.
14:23 of 1st period - Slapshot by Dominik Simon.
14:23 of 1st period - Shot Misses the Net.
15:22 of 1st period - Slapshot by Roman Josi.
15:22 of 1st period - Deflect By Dominik Simon.
15:22 of 1st period - Shot Misses the Net.
15:22 of 1st period - Puck is out of play.
15:23 of 1st period - Andrew Gordon wins face-off versus Martins Karsums in Coutelas zone.
15:46 of 1st period - Penalty to Teemu Pulkkinen is over, Teemu Pulkkinen is back on ice.
16:29 of 1st period - Slapshot by Craig Cunningham.
16:29 of 1st period - Shot Misses the Net.
16:40 of 1st period - Dustin Kohn is hit by Dillon Heatherington and loses puck.
17:11 of 1st period - Off-side.
17:12 of 1st period - Tanner Richard wins face-off versus Andrew Gordon in neutral zone.
17:17 of 1st period - Matt Calvert is hit by Ben Harpur and loses puck.
17:54 of 1st period - Snap shot by Stefan Matteau.
17:54 of 1st period - Stopped by Thomas Greiss with a rebound.
18:02 of 1st period - Slapshot by Roman Josi.
18:02 of 1st period - Stopped by Joe Cannata without a rebound.
18:03 of 1st period - Jared Knight wins face-off versus Teemu Pulkkinen in Coutelas zone.
18:04 of 1st period - Backhand shot by Andrew Gordon.
18:04 of 1st period - Stopped by Joe Cannata with a rebound.
18:12 of 1st period - Snap shot by Rhett Rakhshani.
18:12 of 1st period - Shot Blocked by Jared Knight.
18:14 of 1st period - Wrist shot by Rhett Rakhshani.
18:14 of 1st period - Shot Misses the Net.
18:16 of 1st period - Slapshot by Patrick Sieloff.
18:16 of 1st period - Shot Hit the Post.
18:26 of 1st period - Snap shot by Emerson Etem.
18:26 of 1st period - Stopped by Joe Cannata without a rebound.
18:27 of 1st period - Mitch Marner wins face-off versus Michael Chaput in Coutelas zone.
18:34 of 1st period - Wrist shot by Emerson Etem.
18:34 of 1st period - Shot Misses the Net.
19:27 of 1st period - Matt Calvert is hit by Patrick Sieloff and loses puck.
19:40 of 1st period - Wrist shot by Mattias Janmark.
19:40 of 1st period - Shot Misses the Net.
19:42 of 1st period - Snap shot by Mikhail Grigorenko.
19:42 of 1st period - Shot Misses the Net.
19:44 of 1st period - Slapshot by Patrick Sieloff.
19:44 of 1st period - Shot Blocked by Aaron Ness.
19:46 of 1st period - Slapshot by Julius Honka.
19:46 of 1st period - Shot Blocked by Morgan Rielly.
19:48 of 1st period - Slapshot by Patrick Sieloff.
19:48 of 1st period - Shot Blocked by Emerson Etem.
19:50 of 1st period - Slapshot by Julius Honka.
19:50 of 1st period - Shot Misses the Net.
Goals for this period are 0 for Coutelas vs 0 for River Frogs.
Shots for this period are 11 for Coutelas vs 6 for River Frogs.

2nd period


0:01 of 2nd period - Stefan Matteau wins face-off versus Dominik Simon in neutral zone.
1:27 of 2nd period - Minor Penalty to Emerson Etem for Roughing.
1:28 of 2nd period - Stefan Matteau wins face-off versus Maxim Mamin in River Frogs zone.
2:28 of 2nd period - Icing by Ben Harpur.
2:29 of 2nd period - Dominik Simon wins face-off versus Michael Chaput in Coutelas zone.
2:52 of 2nd period - Aaron Ness is hit by Ben Harpur and loses puck.
3:27 of 2nd period - Penalty to Emerson Etem is over, Emerson Etem is back on ice.
3:37 of 2nd period - Ben Harpur is hit by Matt Calvert and loses puck.
3:49 of 2nd period - Andrew Gordon is hit by Tanner Richard and loses puck.
5:31 of 2nd period - Wrist shot by Michael Chaput.
5:31 of 2nd period - Shot Misses the Net.
5:51 of 2nd period - Dominik Simon is hit by Julius Honka and loses puck.
6:02 of 2nd period - Wrist shot by Martins Karsums.
6:02 of 2nd period - Stopped by Thomas Greiss without a rebound.
6:03 of 2nd period - Stefan Matteau wins face-off versus Jared Knight in River Frogs zone.
6:18 of 2nd period - Andrew Gordon is hit by Stefan Matteau.
6:28 of 2nd period - Slapshot by Nick Ritchie.
6:28 of 2nd period - Shot Blocked by Beau Starrett.
7:15 of 2nd period - Wrist shot by Stefan Matteau.
7:15 of 2nd period - Shot Blocked by David Kolomatis.
7:17 of 2nd period - Wrist shot by Ben Harpur.
7:17 of 2nd period - Stopped by Thomas Greiss without a rebound.
7:18 of 2nd period - Jared Knight wins face-off versus Stefan Matteau in River Frogs zone.
7:18 of 2nd period - Jared Knight is hit by Stefan Matteau.
7:26 of 2nd period - Slapshot by Stefan Matteau.
7:26 of 2nd period - Stopped by Thomas Greiss with a rebound.
7:32 of 2nd period - Petter Granberg is hit by Matt Calvert and loses puck.
8:15 of 2nd period - Snap shot by Craig Cunningham.
8:15 of 2nd period - Goal by Craig Cunningham - Coutelas : 1 - River Frogs : 0.
8:16 of 2nd period - Dominik Simon wins face-off versus Michael Chaput in neutral zone.
8:19 of 2nd period - Dustin Kohn is hit by Morgan Rielly and loses puck.
8:38 of 2nd period - Minor Penalty to Mitch Marner for Delaying the game.
8:39 of 2nd period - Emerson Etem wins face-off versus Stefan Matteau in River Frogs zone.
8:44 of 2nd period - Minor Penalty to Dustin Kohn for Roughing.
8:45 of 2nd period - Emerson Etem wins face-off versus Martins Karsums in Coutelas zone.
8:48 of 2nd period - Snap shot by Emerson Etem.
8:48 of 2nd period - Goal by Emerson Etem - Coutelas : 1 - River Frogs : 1.
8:49 of 2nd period - Martins Karsums wins face-off versus Emerson Etem in neutral zone.
9:33 of 2nd period - Snap shot by Michael Chaput.
9:33 of 2nd period - Stopped by Thomas Greiss with a rebound.
9:56 of 2nd period - Roman Josi is hit by Stefan Matteau and loses puck.
10:34 of 2nd period - Martins Karsums is hit by Austin Watson and loses puck.
10:38 of 2nd period - Penalty to Mitch Marner is over, Mitch Marner is back on ice.
10:44 of 2nd period - Penalty to Dustin Kohn is over, Dustin Kohn is back on ice.
10:55 of 2nd period - Wrist shot by Mattias Janmark.
10:55 of 2nd period - Shot Blocked by Ryan Fitzgerald.
10:57 of 2nd period - Snap shot by Mikhail Grigorenko.
10:57 of 2nd period - Shot Blocked by Aaron Ness.
10:59 of 2nd period - Slapshot by Julius Honka.
10:59 of 2nd period - Shot Misses the Net.
11:01 of 2nd period - Snap shot by Mattias Janmark.
11:01 of 2nd period - Deflect By Nikita Scherbak.
11:01 of 2nd period - Stopped by Thomas Greiss without a rebound.
11:02 of 2nd period - Michael Chaput wins face-off versus Jared Knight in River Frogs zone.
11:17 of 2nd period - Snap shot by Matt Calvert.
11:17 of 2nd period - Goal by Matt Calvert - Coutelas : 1 - River Frogs : 2.
11:18 of 2nd period - Stefan Matteau wins face-off versus Dominik Simon in neutral zone.
11:37 of 2nd period - Emerson Etem is hit by Dustin Kohn and loses puck.
11:57 of 2nd period - Snap shot by Michael Chaput.
11:57 of 2nd period - Shot Misses the Net.
12:07 of 2nd period - Wrist shot by Rhett Rakhshani.
12:07 of 2nd period - Stopped by Thomas Greiss without a rebound.
12:08 of 2nd period - Tanner Richard wins face-off versus Ryan Fitzgerald in River Frogs zone.
12:09 of 2nd period - Backhand shot by Rhett Rakhshani.
12:09 of 2nd period - Stopped by Thomas Greiss with a rebound.
12:11 of 2nd period - Snap shot by Teemu Pulkkinen.
12:11 of 2nd period - Stopped by Thomas Greiss without a rebound.
12:12 of 2nd period - Ryan Fitzgerald wins face-off versus Stefan Matteau in River Frogs zone.
12:21 of 2nd period - Wrist shot by Justin Florek.
12:21 of 2nd period - Shot Misses the Net.
12:23 of 2nd period - Wrist shot by Ryan Fitzgerald.
12:23 of 2nd period - Shot Blocked by Petter Granberg.
12:25 of 2nd period - Slapshot by Morgan Rielly.
12:25 of 2nd period - Stopped by Joe Cannata without a rebound.
12:26 of 2nd period - Dominik Simon wins face-off versus Stefan Matteau in Coutelas zone.
12:56 of 2nd period - Slapshot by Nick Mattson.
12:56 of 2nd period - Shot Blocked by Andrew Gordon.
13:08 of 2nd period - Minor Penalty to Ben Harpur for Slashing.
13:09 of 2nd period - Martins Karsums wins face-off versus Justin Florek in Coutelas zone.
13:20 of 2nd period - Slapshot by Shea Theodore.
13:20 of 2nd period - Shot Blocked by Petter Granberg.
13:46 of 2nd period - Slapshot by Shea Theodore.
13:46 of 2nd period - Shot Misses the Net.
14:25 of 2nd period - Emerson Etem is hit by Craig Cunningham and loses puck.
15:06 of 2nd period - Andrew Gordon is hit by Teemu Pulkkinen and loses puck.
15:08 of 2nd period - Penalty to Ben Harpur is over, Ben Harpur is back on ice.
15:10 of 2nd period - Icing by Roman Josi.
15:11 of 2nd period - Justin Florek wins face-off versus Michael Chaput in River Frogs zone.
15:11 of 2nd period - Justin Florek is hit by Nick Ritchie.
15:29 of 2nd period - Slapshot by Austin Watson.
15:29 of 2nd period - Stopped by Joe Cannata without a rebound.
15:30 of 2nd period - Mikhail Grigorenko wins face-off versus Beau Starrett in Coutelas zone.
16:12 of 2nd period - Ryan Fitzgerald is hit by Michael Chaput and loses puck.
16:21 of 2nd period - Wrist shot by Michael Chaput.
16:21 of 2nd period - Shot Blocked by Shea Theodore.
16:31 of 2nd period - Teemu Pulkkinen is hit by Roman Josi and loses puck.
16:36 of 2nd period - Snap shot by Matt Calvert.
16:36 of 2nd period - Stopped by Joe Cannata with a rebound.
16:38 of 2nd period - Slapshot by Dillon Heatherington.
16:38 of 2nd period - Shot Misses the Net.
16:40 of 2nd period - Snap shot by Jared Knight.
16:40 of 2nd period - Goal by Jared Knight - Coutelas : 1 - River Frogs : 3.
16:41 of 2nd period - Dominik Simon wins face-off versus Stefan Matteau in neutral zone.
17:13 of 2nd period - Nick Ritchie is hit by Jared Knight and loses puck.
17:40 of 2nd period - Minor Penalty to Nikita Scherbak for Boarding.
17:41 of 2nd period - Justin Florek wins face-off versus Martins Karsums in Coutelas zone.
17:42 of 2nd period - Backhand shot by Emerson Etem.
17:42 of 2nd period - Shot Blocked by Petter Granberg.
17:44 of 2nd period - Snap shot by Justin Florek.
17:44 of 2nd period - Shot Blocked by Petter Granberg.
17:46 of 2nd period - Wrist shot by Emerson Etem.
17:46 of 2nd period - Goal by Emerson Etem - Coutelas : 1 - River Frogs : 4.
17:46 of 2nd period - Mackenzie Blackwood enters game.
17:47 of 2nd period - Stefan Matteau wins face-off versus Dominik Simon in neutral zone.
17:52 of 2nd period - Wrist shot by Martins Karsums.
17:52 of 2nd period - Shot Misses the Net.
18:14 of 2nd period - Slapshot by Ondrej Kase.
18:14 of 2nd period - Stopped by Mackenzie Blackwood with a rebound.
19:05 of 2nd period - Snap shot by Mitch Marner.
19:05 of 2nd period - Shot Hit the Post.
19:19 of 2nd period - Justin Florek is hit by Nikita Scherbak.
19:37 of 2nd period - Nick Mattson is hit by Matt Calvert and loses puck.
19:44 of 2nd period - Wrist shot by Andrew Gordon.
19:44 of 2nd period - Stopped by Mackenzie Blackwood with a rebound.
Goals for this period are 1 for Coutelas vs 4 for River Frogs.
Shots for this period are 9 for Coutelas vs 9 for River Frogs.

3rd period


0:01 of 3rd period - Dominik Simon wins face-off versus Stefan Matteau in neutral zone.
0:15 of 3rd period - Wrist shot by Stefan Matteau.
0:15 of 3rd period - Shot Misses the Net.
0:25 of 3rd period - Petter Granberg is hit by Jared Knight and loses puck.
0:30 of 3rd period - Wrist shot by Matt Calvert.
0:30 of 3rd period - Stopped by Mackenzie Blackwood with a rebound.
0:32 of 3rd period - Snap shot by Morgan Rielly.
0:32 of 3rd period - Stopped by Mackenzie Blackwood with a rebound.
0:34 of 3rd period - Slapshot by Morgan Rielly.
0:34 of 3rd period - Shot Hit the Post.
0:36 of 3rd period - Snap shot by Andrew Gordon.
0:36 of 3rd period - Shot Misses the Net.
0:57 of 3rd period - Slapshot by Aaron Ness.
0:57 of 3rd period - Stopped by Mackenzie Blackwood without a rebound.
0:58 of 3rd period - Dominik Simon wins face-off versus Stefan Matteau in Coutelas zone.
0:59 of 3rd period - Wrist shot by Mitch Marner.
0:59 of 3rd period - Shot Misses the Net.
1:03 of 3rd period - Wrist shot by Mitch Marner.
1:03 of 3rd period - Deflect By Dominik Simon.
1:03 of 3rd period - Stopped by Mackenzie Blackwood without a rebound.
1:04 of 3rd period - Dominik Simon wins face-off versus Stefan Matteau in Coutelas zone.
1:09 of 3rd period - Wrist shot by Dominik Simon.
1:09 of 3rd period - Stopped by Mackenzie Blackwood with a rebound.
1:11 of 3rd period - Wrist shot by Shea Theodore.
1:11 of 3rd period - Stopped by Mackenzie Blackwood with a rebound.
1:13 of 3rd period - Slapshot by Emerson Etem.
1:13 of 3rd period - Shot Misses the Net.
1:20 of 3rd period - Minor Penalty to Craig Cunningham for Interference.
1:21 of 3rd period - Justin Florek wins face-off versus Martins Karsums in Coutelas zone.
3:20 of 3rd period - Penalty to Craig Cunningham is over, Craig Cunningham is back on ice.
3:27 of 3rd period - Wrist shot by Bobby Farnham.
3:27 of 3rd period - Shot Blocked by Craig Cunningham.
3:29 of 3rd period - Snap shot by Dillon Heatherington.
3:29 of 3rd period - Stopped by Mackenzie Blackwood without a rebound.
3:30 of 3rd period - Beau Starrett wins face-off versus Mikhail Grigorenko in Coutelas zone.
3:31 of 3rd period - Slapshot by Bobby Farnham.
3:31 of 3rd period - Stopped by Mackenzie Blackwood with a rebound.
3:38 of 3rd period - Off-side.
3:39 of 3rd period - Beau Starrett wins face-off versus Mikhail Grigorenko in neutral zone.
4:26 of 3rd period - Slapshot by Roman Josi.
4:26 of 3rd period - Shot Blocked by Oliver Bjorkstrand.
4:28 of 3rd period - Wrist shot by Andrew Gordon.
4:28 of 3rd period - Stopped by Mackenzie Blackwood without a rebound.
4:29 of 3rd period - Jared Knight wins face-off versus Nick Ritchie in Coutelas zone.
4:38 of 3rd period - Wrist shot by Jared Knight.
4:38 of 3rd period - Shot Blocked by Michael Chaput.
4:44 of 3rd period - Snap shot by Andrew Gordon.
4:44 of 3rd period - Shot Misses the Net.
4:46 of 3rd period - Slapshot by Aaron Ness.
4:46 of 3rd period - Shot Blocked by Oliver Bjorkstrand.
4:48 of 3rd period - Slapshot by Morgan Rielly.
4:48 of 3rd period - Shot Blocked by Dustin Kohn.
4:50 of 3rd period - Wrist shot by Matt Calvert.
4:50 of 3rd period - Goal by Matt Calvert - Coutelas : 1 - River Frogs : 5.
4:51 of 3rd period - Dominik Simon wins face-off versus Stefan Matteau in neutral zone.
4:54 of 3rd period - Slapshot by Shea Theodore.
4:54 of 3rd period - Shot Blocked by Petter Granberg.
4:56 of 3rd period - Slapshot by Mitch Marner.
4:56 of 3rd period - Stopped by Mackenzie Blackwood without a rebound.
4:57 of 3rd period - Dominik Simon wins face-off versus Stefan Matteau in Coutelas zone.
5:23 of 3rd period - Minor Penalty to Craig Cunningham for Roughing.
5:24 of 3rd period - Martins Karsums wins face-off versus Justin Florek in Coutelas zone.
5:58 of 3rd period - Snap shot by Ondrej Kase.
5:58 of 3rd period - Shot Blocked by Dustin Kohn.
6:00 of 3rd period - Snap shot by Matt Calvert.
6:00 of 3rd period - Shot Misses the Net.
6:44 of 3rd period - Ondrej Kase is hit by Nick Mattson and loses puck.
6:56 of 3rd period - Michael Chaput is hit by Matt Calvert and loses puck.
7:03 of 3rd period - Snap shot by Dominik Simon.
7:03 of 3rd period - Stopped by Mackenzie Blackwood without a rebound.
7:04 of 3rd period - Martins Karsums wins face-off versus Justin Florek in Coutelas zone.
7:23 of 3rd period - Penalty to Craig Cunningham is over, Craig Cunningham is back on ice.
8:02 of 3rd period - David Kolomatis is hit by Dustin Kohn and loses puck.
8:21 of 3rd period - Wrist shot by Justin Florek.
8:21 of 3rd period - Stopped by Mackenzie Blackwood with a rebound.
8:53 of 3rd period - Minor Penalty to Bobby Farnham for Holding.
8:54 of 3rd period - Emerson Etem wins face-off versus Stefan Matteau in River Frogs zone.
9:05 of 3rd period - Snap shot by Martins Karsums.
9:05 of 3rd period - Stopped by Thomas Greiss without a rebound.
9:06 of 3rd period - Stefan Matteau wins face-off versus Emerson Etem in River Frogs zone.
9:15 of 3rd period - Wrist shot by Martins Karsums.
9:15 of 3rd period - Stopped by Thomas Greiss with a rebound.
10:01 of 3rd period - Ben Harpur is hit by Aaron Ness.
10:53 of 3rd period - Penalty to Bobby Farnham is over, Bobby Farnham is back on ice.
11:08 of 3rd period - Wrist shot by Teemu Pulkkinen.
11:08 of 3rd period - Stopped by Thomas Greiss with a rebound.
11:10 of 3rd period - Slapshot by Rhett Rakhshani.
11:10 of 3rd period - Shot Misses the Net.
11:34 of 3rd period - Wrist shot by Mikhail Grigorenko.
11:34 of 3rd period - Stopped by Thomas Greiss with a rebound.
11:36 of 3rd period - Wrist shot by Mikhail Grigorenko.
11:36 of 3rd period - Goal by Mikhail Grigorenko - Coutelas : 2 - River Frogs : 5.
11:37 of 3rd period - Stefan Matteau wins face-off versus Dominik Simon in neutral zone.
11:44 of 3rd period - Emerson Etem is hit by Stefan Matteau and loses puck.
12:03 of 3rd period - Dominik Simon is hit by Petter Granberg and loses puck.
12:12 of 3rd period - Snap shot by Aaron Ness.
12:12 of 3rd period - Stopped by Mackenzie Blackwood with a rebound.
12:14 of 3rd period - Snap shot by Dominik Simon.
12:14 of 3rd period - Stopped by Mackenzie Blackwood without a rebound.
12:15 of 3rd period - Stefan Matteau wins face-off versus Jared Knight in Coutelas zone.
12:15 of 3rd period - Stefan Matteau is hit by Aaron Ness.
13:25 of 3rd period - Icing by Aaron Ness.
13:26 of 3rd period - Beau Starrett wins face-off versus Stefan Matteau in River Frogs zone.
13:35 of 3rd period - Aaron Ness is hit by Craig Cunningham and loses puck.
13:44 of 3rd period - Stefan Matteau is hit by Austin Watson and loses puck.
13:59 of 3rd period - Wrist shot by Bobby Farnham.
13:59 of 3rd period - Shot Misses the Net.
14:01 of 3rd period - Slapshot by Morgan Rielly.
14:01 of 3rd period - Deflect By Dustin Kohn.
14:01 of 3rd period - Stopped by Mackenzie Blackwood with a rebound.
14:57 of 3rd period - Snap shot by Aaron Ness.
14:57 of 3rd period - Stopped by Mackenzie Blackwood with a rebound.
14:59 of 3rd period - Wrist shot by Beau Starrett.
14:59 of 3rd period - Stopped by Mackenzie Blackwood with a rebound.
15:09 of 3rd period - Wrist shot by Austin Watson.
15:09 of 3rd period - Goal by Austin Watson - Coutelas : 2 - River Frogs : 6.
15:10 of 3rd period - Michael Chaput wins face-off versus Dominik Simon in neutral zone.
17:24 of 3rd period - Patrick Sieloff is hit by Andrew Gordon and loses puck.
18:45 of 3rd period - Austin Watson is hit by Mikhail Grigorenko and loses puck.
18:56 of 3rd period - Beau Starrett is hit by Stefan Matteau and loses puck.
19:17 of 3rd period - Ryan Fitzgerald is hit by Tanner Richard and loses puck.
19:38 of 3rd period - Craig Cunningham is hit by Matt Calvert and loses puck.
19:55 of 3rd period - Jared Knight is hit by Martins Karsums and loses puck.
Goals for this period are 1 for Coutelas vs 2 for River Frogs.
Shots for this period are 5 for Coutelas vs 19 for River Frogs. Output by the SimonT Hockey Simulator (STHS) for Francois Prevost - Original Page W3C HTML5 Valid
Hockey Simulator - Hockey Simulation - Hockey Manager